 Dungeon Crawl Stone Soup version 0.27-a0-1557-g57f10a385c (webtiles) character file.

Game seed: 339061294578671453

23353 quinnr the Stormcaller (level 13, -12/80 HPs)
             Began as a Tengu Air Elementalist on July 15, 2021.
             Was an Elder of Vehumet.
             Mangled by a catoblepas (14 damage)
             ... while petrified by a catoblepas
             ... on level 3 of the Lair of Beasts.
             The game lasted 00:58:08 (20610 turns).

quinnr the Stormcaller (Tengu Air Elementalist)    Turns: 20610, Time: 00:58:09

Health: -12/80     AC:  8    Str:  8    XL:     13   Next: 6%
Magic:  19/25      EV:  2    Int: 21    God:    Vehumet [****..]
Gold:   104        SH:  0    Dex: 15    Spells: 11/27 levels left

rFire    . . .     SeeInvis .   s - staff of cold
rCold    + + .     Faith    .   (no shield)
rNeg     + + +     Spirit   .   d - +2 robe {Archmagi}
rPois    ∞         Reflect  .   (helmet restricted)
rElec    .         Harm     .   X - +2 cloak {rPois}
rCorr    .         Rampage  .   G - +0 pair of gloves
Will     .....     Archmagi +   (boots unavailable)
Stlth    +++.......             Q - amulet of the acrobat
HPRegen  0.23/turn              O - ring of wizardry
MPRegen  0.19/turn              T - ring of protection from cold

@: petrified, flying quickly and evasively, quick
A: beak, talons 3, nimble flight
a: Renounce Religion


You were on level 3 of the Lair of Beasts.
You worshipped Vehumet.
Vehumet was greatly pleased with you.
You visited 2 branches of the dungeon, and saw 14 of its levels.

You collected 581 gold pieces.
You spent 477 gold pieces at shops.

Inventory:

Hand Weapons
 c - the +3 hand axe of Honour {drain, +Blink rF+}
   (You found it on level 8 of the Dungeon)

   A truly terrible weapon, it drains the life of any living foe it strikes.
   rF:        It protects you from fire.
   +Blink:    It lets you blink.
 m - a +2 dagger of venom
 r - a +2 dagger of draining
 J - a +1 dagger of electrocution
Missiles
 n - 275 stones
 v - a throwing net
 B - 16 boomerangs of dispersal
 H - 5 curare-tipped darts
 P - 4 silver javelins
Armour
 a - a +0 robe
 d - a +2 robe of the Archmagi (worn)
 l - a scarf of repulsion
 x - the +1 leather armour of Fortitude {+Blink Slay+2}
   (You found it on level 5 of the Dungeon)

   Slay:      It affects your accuracy & damage with ranged weapons and melee
   (+2).
   +Blink:    It lets you blink.
 G - a +0 pair of gloves (worn)
 X - a +2 cloak of poison resistance (worn)
Magical Staves
 s - a staff of cold (weapon)
Jewellery
 u - a +6 ring of strength
 O - a ring of wizardry (left hand)
 Q - an amulet of the acrobat (around neck)
 S - an amulet of reflection
 T - a ring of protection from cold (right hand)
 V - a ring of positive energy
Wands
 j - a wand of acid (43)
 p - a wand of paralysis (15)
 y - a wand of digging (16)
 L - a wand of flame (70)
 R - a wand of mindburst (16)
 U - a wand of charming (11)
 W - a wand of iceblast (9)
Scrolls
 e - 3 scrolls of fog {unknown}
 f - 2 scrolls of vulnerability {unknown}
 o - 5 scrolls of immolation {unknown}
 w - 8 scrolls of teleportation
 A - 2 scrolls of amnesia {unknown}
 C - 2 scrolls of enchant weapon {unknown}
 E - a scroll of silence {unknown}
 F - a scroll of brand weapon {unknown}
 I - a scroll of torment {unknown}
 K - a scroll of magic mapping
 M - a scroll of acquirement {unknown}
Potions
 b - 4 potions of curing
 g - 2 potions of heal wounds
 h - 4 potions of flight
 i - 4 potions of brilliance
 k - 3 potions of attraction
 q - a potion of ambrosia
 t - 2 potions of haste
 z - 5 potions of degeneration
 D - a potion of mutation
Miscellaneous
 N - a lightning rod (4/4)


   Skills:
 + Level 9.2 Fighting
 + Level 5.4 Armour
 + Level 5.7 Dodging
 - Level 5.0 Stealth
 + Level 7.6 Spellcasting
 - Level 4.0 Conjurations
 + Level 16.8 Air Magic
 - Level 5.0 Poison Magic
 - Level 6.0 Evocations


You had 11 spell levels left.
You knew the following spells:

 Your Spells              Type           Power      Damage    Failure   Level
a - Shock                 Conj/Air       100%       1d9       1%          1
b - Airstrike             Air            43%        N/A       1%          4
c - Corpse Rot            Necr/Air       N/A        N/A       1%          2
d - Mephitic Cloud        Conj/Pois/Air  60%        N/A       1%          3
e - Poisonous Vapours     Pois/Air       100%       N/A       1%          2
f - Olgreb's Toxic Radia  Pois           43%        N/A       1%          4

Your spell library contained the following spells:

 Spells                   Type           Power      Damage    Failure   Level
 Fulminant Prism          Conj/Hex       12%        3d9       4%          4
 Magic Dart               Conj           100%       1d8       1%          1
 Sting                    Tmut/Pois      100%       1d8       1%          1
 Searing Ray              Conj           74%        3d6       1%          2
 Static Discharge         Conj/Air       67%        N/A       1%          2
 Swiftness                Air            87%        N/A       1%          3
 Portal Projectile        Hex/Tloc       24%        N/A       10%         3
 Animate Dead             Necr           6%         N/A       32%         4
 Dispel Undead            Necr           12%        3d9       32%         4
 Summon Ice Beast         Ice/Summ       18%        N/A       32%         4
 Blade Hands              Tmut           6%         N/A       63%         5
 Borgnjor's Vile Clutch   Necr/Erth      6%         N/A       63%         5
 Excruciating Wounds      Necr           6%         N/A       63%         5
 Summon Mana Viper        Hex/Summ       12%        N/A       63%         5
 Death Channel            Necr           6%         N/A       99%         6
 Monstrous Menagerie      Summ           6%         N/A       100%        7


Dungeon Overview and Level Annotations

Branches:
Dungeon (11/15)            Temple (0/1) D:6            Lair (3/6) D:11
 Shoals (0/4) Lair:2
  Snake: Lair:2-4    Spider: Lair:2-4       Orc: D:9-12

Altars:
Ashenzari
Cheibriados
Dithmenos
Elyvilon
Hepliaklqana
Qazlal
Vehumet

Shops:
D:4 *   D:8 [   D:9 *??[   D:10 (?!?!

Annotations:
D:2 1 runed translucent door, Crazy Yiuf
D:3 2 transporters, Dittersdorf's ghost, novice GrFi
Lair:1 2 transporters


Innate Abilities, Weirdness & Mutations

You have a beak for a mouth.
You have claws for feet.
Your magical nature lets you fly swiftly and evasively.


Message History

Unknown command.
The catoblepas breathes a plume of calcifying dust at you.
The blast of calcifying dust hits you.
You are engulfed in calcifying dust.
You are slowing down.
There is an open door here.
Unknown command.
Casting: Poisonous Vapours (safe; 1% risk of failure)
Confirm with . or Enter, or press ? or * to list all spells.
You feel a surge of power!
You begin to radiate toxic energy.
You are engulfed in calcifying dust.
The catoblepas looks as sick as possible!
Your limbs are stiffening.
Unknown command.
Unknown command.
Casting: Olgreb's Toxic Radiance (mildly dangerous; 1% risk of failure)
Confirm with . or Enter, or press ? or * to list all spells.
Aiming: Mephitic Cloud (safe; 1% risk of failure)
Press: ? - help, Shift-Dir - straight line, f/p - catoblepas
Aim: a catoblepas (calcifying dust, lightly wounded, extremely poisoned, chance to affect: 34%)
You feel a surge of power!
The ball explodes into a vile cloud!
The stinking cloud engulfs the catoblepas but does no damage.
The catoblepas is lightly wounded.
The stinking cloud engulfs you but does no damage.
You are engulfed in calcifying dust.
Your limbs have turned to stone.
Your toxic aura wanes.
The catoblepas gores you!! The catoblepas gores you!
You have turned to stone.
You are engulfed in calcifying dust.
The catoblepas gores you!!
You are engulfed in calcifying dust.
The catoblepas gores you!! The catoblepas gores you!! The catoblepas gores you!
* * * LOW HITPOINT WARNING * * *
The catoblepas gores you!!
* * * LOW HITPOINT WARNING * * *
The catoblepas gores you!
* * * LOW HITPOINT WARNING * * *
The catoblepas gores you!
* * * LOW HITPOINT WARNING * * *
The catoblepas gores you!!
You die...

########### ####
#####.##.##.#.####.PP
##.$##........##......
+...##......(.+.+.....
#:..Y@.........##.....
......##.#○........###.....
..... #####.#+.#### ##.#Y.
#.## ###.## ####. # #.## ##
##.P# ##. #...# #### #..
##+#.#♣#♣≈P###..
♣...♣♣≈♣≈≈###P..


You could see a catoblepas (very poisoned).

Vanquished Creatures
  An ogre mage (D:10)
  3 hydras
  A centaur warrior (D:10)
  A two-headed ogre (D:10)
  A cyclops (D:11)
  5 elephants
  A guardian serpent (D:11)
  4 cane toads
  Psyche (D:11)
  A kobold demonologist (D:8)
  A rime drake (Lair:2)
  5 komodo dragons
  A freezing wraith (D:9)
  A troll (D:9)
  A hornet (D:9)
  5 blink frogs (Lair:1)
  Sigmund (D:2)
  A shadow (D:9)
  A wyvern (D:9)
  2 wraiths
  Eustachio (D:5)
  A basilisk (Lair:2)
  Grum (D:11)
  15 yaks
  An acid dragon (D:9)
  3 water moccasins (D:7)
  An ice beast (D:7)
  5 black bears
  2 ogres
  A necrophage (D:7)
  5 orc warriors
  A sky beast (D:7)
  18 wolves
  5 centaurs
  16 kobold brigands
  11 bullfrogs
  3 scorpions (D:6)
  A wyvern zombie (D:7)
  22 killer bees
  6 wights
  5 centaur zombies
  A bullfrog zombie (D:5)
  4 jellies
  3 hounds
  4 orc priests
  A centaur skeleton (D:5)
  A gnoll shaman (D:7)
  Jessica (D:2)
  2 iguanas
  Ijyb (D:4)
  Natasha (thrice) (D:4)
  8 orc wizards
  A killer bee zombie (D:8)
  A hound skeleton (D:4)
  8 gnolls
  5 adders
  3 white imps
  An ufetubus (D:6)
  An adder skeleton (D:4)
  4 dart slugs
  22 orcs
  9 ball pythons
  15 endoplasms
  5 giant cockroaches
  9 goblins
  4 hobgoblins
  2 jackals (D:3)
  30 kobolds
  5 bats
  3 frilled lizards (D:2)
  9 rats
328 creatures vanquished.

Vanquished Creatures (others)
  23 fungi
  29 plants
  11 toadstools (D:3)
63 creatures vanquished.

Grand Total: 391 creatures vanquished

Notes
Turn   | Place    | Note
-------+----------+-------------------------------------------
     0 | D:1      | quinnr the Tengu Air Elementalist began the quest for the
                  | Orb.
     0 | D:1      | Reached XP level 1. HP: 10/10 MP: 4/4
   151 | D:1      | Reached XP level 2. HP: 12/15 MP: 0/6
   255 | D:1      | Reached skill level 5 in Air Magic
   565 | D:1      | Found a faded altar of an unknown god.
   663 | D:1      | Reached XP level 3. HP: 19/19 MP: 5/7
   881 | D:2      | Noticed Jessica
   900 | D:2      | Killed Jessica
   901 | D:2      | Reached skill level 6 in Air Magic
  1054 | D:2      | Reached XP level 4. HP: 24/24 MP: 6/8
  1306 | D:2      | quinnr: ??surge of power
  1306 | D:2      | beem: enhancer[1/2]: Enhancers improve spell power. They
                  | are items such as rings of fire or ice; staves of
                  | conjuration, fire, etc; or robes of the archmagi. x1.5
                  | spell power per item, stacked multiplicatively up to a
                  | maximum of 3 items. However, there is a diminishing returns
                  | effect at high spellpower.
  1358 | D:2      | Reached skill level 7 in Air Magic
  1445 | D:2      | Gained mutation: Your magical nature lets you fly swiftly
                  | and evasively. [Tengu growth]
  1445 | D:2      | Reached XP level 5. HP: 21/28 MP: 2/9
  1456 | D:2      | Learned a level 4 spell: Airstrike
  1676 | D:2      | Noticed Sigmund
  1681 | D:2      | Killed Sigmund
  1682 | D:2      | Reached skill level 9 in Air Magic
  1682 | D:2      | Reached XP level 6. HP: 32/32 MP: 1/10
  2090 | D:2      | Found a runed translucent door.
  2091 | D:2      | Noticed Crazy Yiuf
  2314 | D:3      | Found a stormy altar of Qazlal.
  2810 | D:3      | Reached skill level 10 in Air Magic
  2810 | D:3      | Reached XP level 7. HP: 36/36 MP: 4/11
  3019 | D:3      | Found a shadowy altar of Dithmenos.
  3025 | D:3      | Found a transporter.
  3072 | D:3      | Found a transporter.
  3076 | D:3      | Noticed Dittersdorf's ghost (novice GrFi)
  3347 | D:4      | Found Extul's Assorted Antiques.
  3369 | D:4      | Bought 2 scrolls labelled ICIPLY HEN NEELI for 56 gold
                  | pieces
  3399 | D:4      | Noticed Ijyb
  3410 | D:4      | Killed Ijyb
  3511 | D:4      | Reached skill level 1 in Fighting
  4451 | D:4      | Noticed Natasha
  4455 | D:4      | Killed Natasha
  4601 | D:4      | Noticed Natasha
  4604 | D:4      | Killed Natasha
  4941 | D:4      | Found Extul's Assorted Antiques.
  4946 | D:4      | Noticed Natasha
  4969 | D:4      | Killed Natasha
  5009 | D:5      | Entered Level 5 of the Dungeon
  5086 | D:5      | Reached XP level 8. HP: 45/45 MP: 3/13
  5170 | D:5      | Found a radiant altar of Vehumet.
  5259 | D:5      | Became a worshipper of Vehumet
  5733 | D:5      | Identified the +1 leather armour of Fortitude {+Blink
                  | Slay+2}
  6347 | D:5      | Noticed Eustachio
  6353 | D:5      | Killed Eustachio
  6354 | D:5      | Reached skill level 5 in Dodging
  6983 | D:6      | Reached skill level 5 in Fighting
  6983 | D:6      | Reached skill level 5 in Spellcasting
  7070 | D:6      | Reached XP level 9. HP: 54/54 MP: 8/17
  7220 | D:6      | Reached * piety under Vehumet
  7220 | D:6      | Offered knowledge of Freeze by Vehumet.
  7352 | D:6      | Found a staircase to the Ecumenical Temple.
  8008 | D:6      | Learned a level 2 spell: Corpse Rot
  8245 | D:7      | Found a white marble altar of Elyvilon.
  8266 | D:7      | Reached skill level 11 in Air Magic
  8656 | D:7      | Found a broken altar of Ashenzari.
  9710 | D:8      | Found Bangyfafea's Antique Armour Shoppe.
  9751 | D:8      | Identified the +3 hand axe of Honour {drain, +Blink rF+}
  9798 | D:8      | Reached XP level 10. HP: 63/63 MP: 2/18
  9869 | D:7      | Reached skill level 12 in Air Magic
 10087 | D:8      | Offered knowledge of Searing Ray by Vehumet.
 10096 | D:8      | HP: 6/64 [poisoned by a killer bee]
 10219 | D:8      | Reached ** piety under Vehumet
 11457 | D:8      | Reached skill level 13 in Air Magic
 11598 | D:8      | Noticed a kobold demonologist
 11601 | D:8      | Killed a kobold demonologist
 11893 | D:8      | Noticed a five-headed hydra
 11912 | D:8      | Killed a five-headed hydra
 11912 | D:8      | Offered knowledge of Mephitic Cloud by Vehumet.
 11917 | D:8      | Learned a level 3 spell: Mephitic Cloud
 12069 | D:8      | Reached skill level 14 in Air Magic
 12112 | D:8      | Found a hazy altar of Hepliaklqana.
 12243 | D:8      | Found a snail-covered altar of Cheibriados.
 12362 | D:9      | Reached XP level 11. HP: 63/68 MP: 8/22
 12453 | D:9      | Found Neutsige's Magic Scroll Emporium.
 12461 | D:9      | Bought a scroll of teleportation for 45 gold pieces
 12461 | D:9      | Bought a scroll of magic mapping for 52 gold pieces
 12461 | D:9      | Bought a scroll of identify for 30 gold pieces
 12489 | D:9      | Found Ziavayci's General Store.
 12565 | D:9      | Found Piutuj's Armour Shop.
 12966 | D:9      | Found Daicrioj's Magic Scroll Boutique.
 13254 | D:9      | Reached *** piety under Vehumet
 13842 | D:10     | Entered Level 10 of the Dungeon
 13904 | D:10     | Found Heojolol's Distillery.
 13927 | D:10     | quinnr: ??wall
 13927 | D:10     | beem: wall[1/2]: The wall is your most reliable friend in
                  | the Dungeon. Keep as much Wall around you as possible.
 13927 | D:10     | quinnr: ??wall[2
 13927 | D:10     | beem: wall[2/2]: If desired, rock walls can be removed with
                  | wands of digging, the Dig spell, or (prior to 0.20, and 1
                  | square at a time) wands of disintegration. Green crystal,
                  | stone, metal require Lee's Rapid Deconstruction in that
                  | order of increasing skill. Unnaturally hard walls can not
                  | be destroyed by any means, including Corruption. All walls
                  | can be teleported past.
 13953 | D:10     | Reached skill level 15 in Air Magic
 14089 | D:10     | Noticed a two-headed ogre
 14092 | D:10     | Killed a two-headed ogre
 14093 | D:10     | Reached skill level 1 in Armour
 14093 | D:10     | Reached skill level 1 in Evocations
 14267 | D:10     | Reached skill level 5 in Stealth
 14428 | D:10     | Offered knowledge of Fulminant Prism by Vehumet.
 14555 | D:10     | Found Nueximmo's Magic Scroll Shop.
 14557 | D:10     | Found Sidwes's Weapon Boutique.
 14557 | D:10     | Found Faptius's Magic Scroll Emporium.
 14559 | D:10     | Found Ykoru's Distillery.
 14563 | D:10     | Bought a scroll of noise for 17 gold pieces
 14967 | D:10     | Noticed a centaur warrior
 14974 | D:10     | Killed a centaur warrior
 15166 | D:10     | Noticed an ogre mage
 15190 | D:10     | Paralysed by something for 6 turns
 15198 | D:10     | Killed an ogre mage
 15199 | D:10     | Reached skill level 5 in Armour
 15854 | D:11     | Reached skill level 5 in Evocations
 15867 | D:11     | Noticed Grum
 15877 | D:11     | Killed Grum
 16034 | D:11     | Noticed a cyclops
 16197 | D:11     | Reached XP level 12. HP: 74/74 MP: 22/24
 16412 | D:11     | Reached skill level 1 in Poison Magic
 17074 | D:11     | Noticed Psyche
 17079 | D:11     | Killed Psyche
 17192 | D:11     | Found a staircase to the Lair.
 17237 | Lair:1   | Entered Level 1 of the Lair of Beasts
 17709 | Lair:1   | Found a transporter.
 17950 | Lair:1   | Noticed a five-headed hydra
 17951 | Lair:1   | Found the +7 Spriggan's Knife {stab, EV+4 Stlth+}
 17956 | Lair:1   | Killed a five-headed hydra
 17957 | Lair:1   | Reached **** piety under Vehumet
 18068 | Lair:1   | Reached skill level 16 in Air Magic
 18416 | Lair:1   | Found a transporter.
 18516 | Lair:1   | Reached skill level 5 in Poison Magic
 19020 | Lair:2   | Identified the +10 mace of the Magic Mushroom {vorpal,
                  | Fragile rC+ rN+}
 19040 | Lair:2   | quinnr: ??fragile
 19040 | Lair:2   | beem: fragile[1/1]: A randart property that causes it to be
                  | destroyed when it is unequipped.
 19263 | Lair:2   | Learned a level 2 spell: Poisonous Vapours
 19268 | Lair:2   | Learned a level 4 spell: Olgreb's Toxic Radiance
 19479 | Lair:2   | Found a staircase to the Shoals.
 19624 | Lair:2   | Noticed a five-headed hydra
 19628 | Lair:2   | Killed a five-headed hydra
 20189 | Lair:3   | Reached XP level 13. HP: 78/80 MP: 7/25
 20436 | D:9      | Bought a +2 cloak of poison resistance for 277 gold pieces
 20608 | Lair:3   | HP: 6/80 [catoblepas (5)]
 20609 | Lair:3   | HP: 2/80 [catoblepas (4)]
 20610 | Lair:3   | Mangled by a catoblepas

Illustrated notes

Levels and vault maps discovered:
D:1:      sevenhm_arrival_forest_fort_small_4, layout_rooms,
          chequers_ecumenical_altar_lobes
D:2:      cheibrodos_helix_gallery, layout_loops_ring, uniq_jessica,
          uniq_crazy_yiuf_cottage, uniq_sigmund
D:3:      cheibrodos_fertilizer, layout_rooms,
          grunt_dithmenos_smoke_and_mirrors, mainiacjoe_overflow_alcove_1,
          serial_corexii_hall, chequers_hall_statues_corner_a,
          corexii_hall_statues_i, gammafunk_ghost_gnarly_gnolls
D:4:      layout_gridville, serial_shops, nicolae_shop_statue_plus,
          uniq_natasha, uniq_ijyb
D:5:      layout_basic, nicolae_overflow_crystal_walls, roderic_lattice_a,
          uniq_eustachio
D:6:      layout_rooms, temple_fountains, minmay_unpleasant_kobolds
D:7:      layout_cave_pools, old_standard_altar, ashenzari_conservatory_becter,
          minmay_misc_feat_doors, dk_rats_in_the_wall
D:8:      layout_basic, kennysheep_slug_shrine, kennysheep_little_box,
          special_room [special_room_kobold], serial_shops, shop
D:9:      layout_rooms, serial_shops, nicolae_shop_trees, kennysheep_mini,
          nicolae_shop_trees, shop, minmay_misc_feat_plants,
          kennysheep_generic_room_2
D:10:     layout_basic, serial_shops, nicolae_take_the_stairs,
          nicolae_wooded_promenade, hangedman_corner_corridor
D:11:     layout_loops_ring, grunt_lair_entry_orc_guard_hut,
          nrook_guardian_serpent_ordinary, uniq_psyche, uniq_grum
Lair:1:   gammafunk_cloud_chamber, layout_loops_ring
Lair:2:   layout_chaotic_city, elwin_shoals_entry_rooms,
          chequers_serial_rivers_large_a, minivault_24, grunt_megastairs_5
Lair:3:   layout_roguey, serial_bayou_lagoon_b

Skill      XL: |  1  2  3  4  5  6  7  8  9 10 11 12 |
---------------+-------------------------------------+-----
Air Magic      | 5 6 7 9 10 11 14 15 16 | 16.8
Fighting       | 2 5 7 8 9 |  9.2
Dodging        | 3 5 |  5.7
Spellcasting   | 3 5 7 |  7.6
Stealth        | 4 5 |  5.0
Armour         | 5 |  5.4
Evocations     | 5 6 |  6.0
Conjurations   | 4 |  4.0
Poison Magic   | 5 |  5.0

Action                   |  1- 3 |  4- 6 |  7- 9 | 10-12 | 13-15 || total
-------------------------+-------+-------+-------+-------+-------++-------
Melee: Unarmed           |     4 |     1 |       |       |       ||     5
       Kick              |     1 |       |     7 |    18 |     2 ||    28
       Peck              |       |     1 |     3 |     8 |     3 ||    15
       Dagger            |       |       |     2 |    27 |     6 ||    35
       Staff             |       |       |    17 |    31 |       ||    48
 Cast: Shock             |    51 |    94 |   162 |   313 |       ||   620
       Airstrike         |       |     2 |    80 |   186 |     3 ||   271
       Mephitic Cloud    |       |       |       |    20 |     1 ||    21
       Corpse Rot        |       |       |       |     2 |       ||     2
       Olgreb's Toxic Ra |       |       |       |     4 |     1 ||     5
       Poisonous Vapours |       |       |       |     1 |     4 ||     5
Evoke: Wand              |       |       |     2 |     3 |       ||     5
  Use: Scroll            |       |       |     5 |     3 |       ||     8
       Potion            |       |       |       |     3 |       ||     3
 Stab: Paralysed         |       |       |     4 |       |       ||     4
       Confused          |       |       |       |     8 |     2 ||    10
Armor: Robe              |     1 |     2 |    13 |    47 |       ||    63
Dodge: Dodged            |     6 |     6 |    78 |   279 |     3 ||   372
       Repelled          |       |       |     1 |     3 |       ||     4
Block: Other             |       |       |       |     6 |       ||     6

Table legend: (Time is in decaauts)
 A = Elapsed time spent in this place.
 B = Non-inter-level travel time spent in this place.
 C = Inter-level travel time spent in this place.
 D = Time resting spent in this place.
 E = Time spent auto-exploring this place.
 F = Levels seen in this place.
 G = Mean time per level.
                   A        B        C        D        E       F      G
               +--------+--------+--------+--------+--------+-----+--------+
         Total |  19775 |  18783 |    992 |   4043 |  12495 |  14 | 1412.5 |
       Dungeon |  16917 |  16053 |    864 |   3578 |  10575 |  11 | 1537.9 |
          Lair |   2858 |   2730 |    128 |    465 |   1920 |   3 |  952.7 |
               +--------+--------+--------+--------+--------+-----+--------+

Top non-repeatable levels by time:
     D:8: 2498 daAuts
     D:5: 2038 daAuts
    D:10: 1724 daAuts
     D:7: 1695 daAuts
     D:9: 1568 daAuts
  Lair:2: 1561 daAuts
    D:11: 1456 daAuts
     D:3: 1411 daAuts
     D:4: 1284 daAuts
     D:2: 1280 daAuts
  Lair:1: 1163 daAuts
     D:6: 1129 daAuts
     D:1: 831 daAuts
  Lair:3: 132 daAuts
